Map: [ESL] Equilibrium

Players

Scarlett

  • Race: Zerg Zerg
  • Spawn Location: 11:00

MCanning - Winner!

  • Race: Protoss Protoss
  • Spawn Location: 1:00

Event: ESL SC2 Masters 2023 Winter (Regional)

VOD

Have the link to the VOD?

Description

Time

  • Played on: Oct. 27, 2023, 1:58 p.m.
  • Length: 15:24

All games in this series

Show
View Real Time Build Order
Export as new Build Order

Scarlett Zerg 

Build Orders: Hatch First, Swarm Host 

Get SALT Encoding   

  12  0:00  Drone  
  13  0:12  Overlord  
  13  0:17  Drone  
  14  0:30  Drone x2  
  16  0:47  Hatchery  
  15  0:51  Drone  
  15  0:54  Drone  
  17  1:08  Spawning Pool  
  16  1:12  Extractor  
  16  1:13  Drone  
  16  1:16  Drone  
  17  1:19  Drone  
  18  1:28  Drone  
  19  1:39  Drone  
  20  1:50  Overlord  
  20  1:55  Queen  
  20  1:59  Zergling x2, Queen  
  25  2:04  Drone  
  26  2:09  Drone  
  26  2:12  Drone  
  26  2:13  Metabolic Boost  
  28  2:23  Drone x2  
  30  2:35  Drone x2  
  32  2:38  Hatchery  
  32  2:43  Queen  
  33  2:46  Zergling x2  
  33  2:50  Overlord  
  34  2:54  Overlord  
  34  2:57  Drone  
  35  3:03  Drone  
  36  3:10  Drone x4  
  40  3:15  Drone  
  40  3:17  Queen  
  43  3:25  Drone x2  
  43  3:26  Queen  
  47  3:31  Overlord  
  47  3:37  Drone  
  48  3:41  Roach Warren  
  48  3:43  Overlord x2  
  48  3:44  Drone  
  48  3:48  Drone x2  
  50  3:51  Drone x3  
  53  3:58  Overlord  
  53  4:03  Drone x3  
  53  4:09  Drone  
  58  4:10  Drone  
  58  4:13  Lair, Overlord  
  58  4:15  Extractor  
  57  4:20  Drone x4  
  57  4:22  Spore Crawler  
  60  4:25  Spore Crawler  
  60  4:26  Spore Crawler  
  60  4:27  Zergling x4  
  60  4:31  Zergling x2  
  61  4:34  Zergling x6  
  64  4:40  Zergling x4  
  66  4:48  Roach x4  
  66  4:50  Roach  
  76  4:58  Drone x5  
  81  5:04  Drone x4  
  85  5:14  Overseer  
  85  5:17  Drone  
  85  5:18  Drone x4, Overlord  
  90  5:21  Overseer  
  90  5:22  Spine Crawler  
  90  5:25  Overlord  
  88  5:33  Extractor  
  88  5:34  Extractor  
  82  5:36  Roach x3  
  83  5:48  Drone x10  
  84  5:56  Roach x4  
  88  6:05  Roach x4  
  88  6:10  Spore Crawler  
  91  6:12  Drone, Spine Crawler  
  91  6:13  Drone x4  
  94  6:20  Drone x2, Extractor  
  94  6:21  Overlord  
  94  6:22  Hatchery  
  94  6:23  Drone x3, Extractor, Glial Reconstitution  
  96  6:36  Drone x5  
  101  6:41  Pneumatized Carapace  
  101  6:42  Drone x5  
  102  6:53  Roach  
  102  6:54  Overlord, Roach x2, Evolution Chamber  
  108  6:59  Overlord x3  
  107  7:03  Queen x2  
  111  7:10  Overlord  
  111  7:11  Overlord x2  
  111  7:13  Roach x2  
  115  7:17  Overseer  
  115  7:27  Drone  
  115  7:28  Drone x7  
  115  7:29  Zerg Missile Weapons Level 1  
  123  7:30  Ravager  
  123  7:31  Ravager x3  
  127  7:37  Roach x5  
  137  7:46  Unknown  
  137  7:48  Drone x3, Infestation Pit  
  137  7:49  Roach x2  
  142  7:56  Spore Crawler, Spine Crawler  
  142  7:57  Roach  
  142  7:58  Roach x4  
  160  8:12  Spine Crawler  
  149  8:27  Overlord x3  
  149  8:29  Swarm Host x8  
  173  8:35  Swarm Host  
  173  8:37  Hatchery  
  173  8:39  Zergling x2  
  176  8:46  Swarm Host x4  
  188  8:53  Zergling x2  
  189  8:56  Ravager x3  
  189  8:57  Zergling x16  
  165  9:10  Roach x10  
  165  9:15  Hive  
  181  9:22  Nydus Network  
  180  9:30  Roach x3  
  180  9:31  Roach x10  
  195  9:36  Roach  
  193  9:38  Zerg Missile Weapons Level 2  
  193  9:40  Evolution Chamber  
  193  9:45  Roach x3  
  198  10:06  Roach x8  
  199  10:20  Roach x10  
  195  10:26  Roach x4  
  178  10:30  Roach x8  
  178  10:34  Adrenal Glands  
  178  10:36  Roach x3  
  178  10:37  Ravager x2  
  178  10:38  Overseer  
  185  10:45  Roach x2  
  185  10:49  Zerg Melee Weapons Level 1  
  189  10:50  Overlord x2  
  175  10:57  Roach x3  
  175  10:58  Overlord x2  
  175  11:02  Nydus Canal  
  175  11:04  Overlord  
  179  11:05  Zergling x6  
  158  11:11  Roach x12  
  158  11:14  Roach x3  
  164  11:22  Roach x4  
  164  11:25  Roach x2  
  172  11:30  Roach  
  172  11:31  Roach x2  
  153  11:44  Zergling x26  
  160  11:54  Ravager x2  
  158  11:56  Zerg Missile Weapons Level 3  
  155  12:02  Drone  
  155  12:08  Nydus Canal  
  155  12:09  Roach x8  
  155  12:11  Hatchery  
  155  12:14  Roach x3  
  173  12:19  Roach x3  
  178  12:23  Ravager x5  
  180  12:37  Roach x11  
  180  12:42  Roach x2  
  171  12:48  Roach x2  
  175  12:54  Overseer  
  175  12:56  Roach x2  
  175  12:59  Roach x3  
  175  13:03  Roach  
  156  13:12  Roach  
  156  13:13  Roach x3  
  153  13:20  Roach x2  
  153  13:21  Ravager x9  
  153  13:26  Roach x5  
  169  13:28  Zergling x2  
  166  13:37  Roach x5  
  172  13:44  Roach  
  172  13:45  Roach x2  
  160  13:51  Roach  
  136  13:56  Roach x6  
  136  14:00  Roach  
  132  14:06  Roach x2  
  119  14:13  Roach  
  108  14:21  Roach x3  
  103  14:27  Roach x5  
  91  14:39  Roach x3  
  92  14:47  Zergling x2  
  68  15:01  Zergling x14  
Show
View Real Time Build Order
Export as new Build Order

MCanning Protoss - Winner!

Build Orders: 1 Gate Expand, Dark Templar Rush 

Get SALT Encoding   

  12  0:00  Probe  
  13  0:12  Probe  
  14  0:19  Pylon  
  14  0:24  Probe  
  15  0:37  Probe (Chrono Boost)  
  15  0:38  Gateway  
  16  0:47  Assimilator  
  16  0:48  Probe (Chrono Boost)  
  17  0:53  Probe (Chrono Boost)  
  18  1:03  Probe  
  19  1:15  Probe  
  20  1:26  Nexus  
  20  1:35  Cybernetics Core  
  20  1:38  Probe (Chrono Boost)  
  21  1:43  Assimilator  
  21  1:50  Probe (Chrono Boost)  
  21  1:52  Pylon  
  22  1:57  Probe (Chrono Boost)  
  23  2:09  Adept (Chrono Boost)  
  23  2:10  Probe  
  26  2:20  Warp Gate  
  26  2:22  Probe  
  27  2:32  Stalker  
  27  2:33  Twilight Council  
  30  2:37  Probe (Chrono Boost)  
  30  2:38  Probe (Chrono Boost)  
  31  2:47  Probe (Chrono Boost)  
  31  2:50  Probe (Chrono Boost)  
  33  2:52  Probe (Chrono Boost)  
  33  2:57  Robotics Facility  
  34  2:59  Probe  
  34  3:04  Probe (Chrono Boost)  
  37  3:16  Probe x2 (Chrono Boost)  
  38  3:20  Dark Shrine  
  38  3:24  Gateway, Probe (Chrono Boost)  
  38  3:26  Probe (Chrono Boost)  
  40  3:30  Probe  
  41  3:34  Gateway  
  41  3:36  Probe  
  41  3:39  Gateway  
  42  3:42  Probe  
  42  3:45  Warp Prism (Chrono Boost)  
  43  3:55  Probe, Pylon  
  46  3:59  Assimilator  
  46  4:01  Assimilator  
  46  4:11  Warp Prism (Chrono Boost)  
  46  4:13  Probe x2  
  50  4:22  Pylon  
  50  4:25  Probe x2  
  52  4:32  Dark Templar  
  52  4:38  Pylon  
  54  4:40  Probe x2  
  56  4:47  Dark Templar x3  
  56  4:51  Pylon  
  62  4:53  Pylon  
  62  4:56  Probe  
  63  5:12  Probe  
  63  5:13  Dark Templar  
  65  5:17  Probe  
  65  5:20  Dark Templar x2  
  70  5:24  Probe  
  70  5:27  Dark Templar, Pylon  
  70  5:28  Pylon  
  73  5:42  Probe  
  72  5:49  Probe  
  71  5:52  Cybernetics Core  
  71  5:56  Probe  
  72  6:01  Robotics Facility, Robotics Bay  
  72  6:04  Probe  
  71  6:08  Probe  
  71  6:09  Blink  
  70  6:16  Probe  
  69  6:20  Probe  
  69  6:22  Nexus  
  69  6:24  Pylon  
  70  6:27  Observer  
  70  6:28  Gateway, Probe  
  70  6:29  Gateway  
  70  6:30  Gateway x2  
  72  6:38  Probe  
  73  6:44  Probe  
  73  6:46  Pylon  
  74  6:49  Disruptor x2 (Chrono Boost)  
  74  6:51  Forge  
  74  6:54  Probe  
  81  6:55  Shield Battery  
  81  7:00  Stalker x2  
  85  7:16  Disruptor x2 (Chrono Boost)  
  85  7:17  Probe x2  
  85  7:20  Pylon  
  93  7:29  Probe  
  94  7:30  Photon Cannon  
  94  7:36  Probe  
  95  7:37  Zealot x2, Assimilator  
  95  7:40  Disruptor (Chrono Boost)  
  95  7:41  Observer (Chrono Boost), Assimilator  
  95  7:42  Zealot x2  
  108  7:53  Dark Templar  
  108  7:55  Dark Templar  
  112  8:07  Archon, Stalker x2  
  112  8:08  Probe, Stalker  
  119  8:17  Nexus, Stalker x2  
  119  8:18  Pylon  
  123  8:22  Protoss Ground Weapons Level 1  
  123  8:24  Stalker  
  125  8:32  Stalker x2  
  125  8:48  Stalker x5  
  133  8:56  Disruptor  
  129  9:10  Stalker x3  
  129  9:13  Charge  
  129  9:15  Gateway  
  131  9:17  Pylon x2, Probe  
  131  9:19  Stalker x2  
  128  9:33  Zealot x6  
  128  9:34  Disruptor (Chrono Boost)  
  140  9:43  Photon Cannon, Shield Battery, Probe  
  141  9:46  Dark Templar, Pylon  
  143  9:54  Stalker x2  
  143  9:55  Stalker  
  142  10:11  Stalker x5  
  148  10:21  Stalker x2  
  146  10:22  Disruptor  
  142  10:30  Stalker x2  
  142  10:34  Protoss Ground Weapons Level 2 (Chrono Boost)  
  144  10:37  Probe  
  144  10:40  Probe  
  141  10:55  Stalker x5  
  134  11:01  Zealot x2  
  126  11:19  Stalker x5  
  132  11:30  Zealot x4  
  134  11:46  Stalker  
  134  11:47  Stalker x4  
  124  12:00  Zealot x4  
  124  12:13  Zealot x5  
  134  12:22  Dark Templar  
  134  12:23  Dark Templar x2  
  120  12:45  Stalker x6  
  118  13:10  Stalker x5  
  118  13:11  Stalker  
  128  13:19  Probe  
  123  13:24  Disruptor  
  127  13:29  Nexus  
  127  13:30  Pylon  
  127  13:34  Zealot x9  
  138  13:50  Disruptor  
  138  13:54  Zealot x7  
  154  14:02  Disruptor  
  123  14:13  Stalker x2  
  123  14:14  Stalker  
  112  14:25  Zealot x4  
  106  14:38  Dark Templar  
  94  14:49  Probe  
  65  15:16  Stalker  
Tags
 
Add a new tag
Caveats
  • Supply blocks, unpowered buildings, or Contaminate may cause inaccurate times.
  • Supply counts are checked every 10 seconds.